 Dungeon Crawl Stone Soup version 0.27.0-1-g7a08968 (webtiles) character file.

Game seed: 12944601869161990334

113 Illumine the Gusty (level 4, -1/24 HPs)
             Began as a Tengu Air Elementalist on Sept 2, 2021.
             Killed from afar by an orc wizard (5 damage)
             ... with a puff of flame
             ... on level 3 of the Dungeon.
             The game lasted 00:04:10 (2635 turns).

Illumine the Gusty (Tengu Air Elementalist)         Turns: 2635, Time: 00:04:11

Health: -1/24      AC:  2    Str:  8    XL:     4   Next: 96%
Magic:  18/18      EV: 12    Int: 16    God:
Gold:   202        SH:  0    Dex: 15    Spells: 3/9 levels left

rFire    . . .     SeeInvis .   (no weapon)
rCold    . . .     Faith    .   (no shield)
rNeg     . . .     Spirit   .   a - +0 robe
rPois    .         Reflect  .   (helmet restricted)
rElec    .         Harm     .   (no cloak)
rCorr    .         Rampage  .   (no gloves)
Will     .....                  (boots unavailable)
Stlth    ++........             (no amulet)
HPRegen  0.08/turn              i - ring of magical power
MPRegen  0.16/turn              (no ring)

@: no status effects
A: beak, talons 3
a: no special abilities


You were on level 3 of the Dungeon.
You visited 1 branch of the dungeon, and saw 4 of its levels.

You collected 202 gold pieces.

Inventory:

Hand Weapons
 j - a +0 mace
 k - a +0 hunting sling
Missiles
 l - 40 stones
Armour
 a - a +0 robe (worn)
Magical Staves
 o - a staff of death
Jewellery
 g - a ring of ice
 i - a ring of magical power (left hand)
Scrolls
 b - a scroll of enchant weapon {unknown}
 d - a scroll of teleportation {unknown}
 f - a scroll of immolation {unknown}
 h - 2 scrolls of identify {unknown}
 n - a scroll of holy word {unknown}
Potions
 c - a potion of mutation {unknown}
 e - a potion of berserk rage {unknown}
 m - a potion of degeneration {unknown}


   Skills:
 - Level 2.1 Dodging
 - Level 2.0 Stealth
 + Level 3.0 Spellcasting
 + Level 3.6 Conjurations
 + Level 5.2 Air Magic


You had 3 spell levels left.
You knew the following spells:

 Your Spells              Type           Power      Damage    Failure   Level
a - Shock                 Conj/Air       64%        1d7       3%          1
b - Static Discharge      Conj/Air       16%        N/A       4%          2
c - Swiftness             Air            19%        N/A       6%          3

Your spell library contained the following spells:

 Spells                   Type           Power      Damage    Failure   Level
 Airstrike                Air            9%         N/A       22%         4


Dungeon Overview and Level Annotations

Branches:
Dungeon (4/15)
 Temple: D:4-7

Altars:

Annotations:
D:3 Terence


Innate Abilities, Weirdness & Mutations

You have a beak for a mouth.
You have claws for feet.


Message History

Confirm with . or Enter, or press ? or * to list all spells.
Aiming: Shock (safe; 3% risk of failure)
Press: ? - help, Shift-Dir - straight line, f/p - gnoll sergeant
Aim: a gnoll sergeant, wielding a +0 trident, wearing a +0 ring mail and wearing a +0 buckler (79% to hit)
The zap hits the gnoll sergeant.
The gnoll sergeant is lightly wounded.
The zap hits the gnoll sergeant.
The gnoll sergeant is lightly wounded.
The gnoll sergeant hits you from afar with a +0 trident!
Casting: Shock (safe; 3% risk of failure)
Confirm with . or Enter, or press ? or * to list all spells.
Aiming: Shock (safe; 3% risk of failure)
Press: ? - help, Shift-Dir - straight line, p - gnoll sergeant The zap hits the gnoll sergeant.
The gnoll sergeant is moderately wounded.
The zap hits the gnoll sergeant.
The gnoll sergeant is moderately wounded.
The gnoll sergeant closely misses you.
Casting: Shock (safe; 3% risk of failure)
Confirm with . or Enter, or press ? or * to list all spells.
Aiming: Shock (safe; 3% risk of failure)
Press: ? - help, Shift-Dir - straight line The zap misses the gnoll sergeant.
The zap hits the gnoll sergeant.
The gnoll sergeant is heavily wounded.
The gnoll sergeant hits you from afar with a +0 trident!
* * * LOW HITPOINT WARNING * * *
Unknown command.
There is a stone staircase leading up here.
The gnoll sergeant completely misses you.
You climb upwards.
Level annotation: Terence The orc wizard gestures at you while chanting.
The puff of flame misses you.
There is a stone staircase leading down here.
The orc wizard gestures wildly while chanting.
The orc wizard flickers and vanishes!
Deactivating autopickup; reactivate with Ctrl-A.
A puff of flame appears from out of thin air!
The puff of flame hits you.
You die...

##8###8#.#..o.....<..#######
..o......#...o.....).o....>#
.........##..###########...#
....o....##....#########...#
##8###8####.##........{....#
########....†..............#
8 #...###..#.............# #
#...# ##...........†...# #
#..<# ##...@..o.......# #
#...# #..............# #####
#..............#
#..............#
##............##
##..........## ############


You could see an orc.

Vanquished Creatures
  5 gnolls
  2 adders
  2 orcs (D:3)
  A bat (D:2)
  4 endoplasms
  3 giant cockroaches
  7 goblins
  4 hobgoblins
  3 quokkas
  4 ball pythons
  6 frilled lizards
  3 kobolds
  5 rats
  A toadstool (D:1)
50 creatures vanquished.

Vanquished Creatures (others)
  16 fungi
  3 toadstools (D:1)
19 creatures vanquished.

Grand Total: 69 creatures vanquished

Notes
Turn   | Place    | Note
-------+----------+-------------------------------------------
     0 | D:1      | Illumine the Tengu Air Elementalist began the quest for the
                  | Orb.
     0 | D:1      | Reached XP level 1. HP: 10/10 MP: 4/4
   462 | D:1      | Reached XP level 2. HP: 15/15 MP: 1/6
  1213 | D:2      | Reached XP level 3. HP: 19/19 MP: 4/7
  1284 | D:2      | Learned a level 2 spell: Static Discharge
  2288 | D:3      | Noticed Terence
  2321 | D:3      | Reached XP level 4. HP: 24/24 MP: 9/9
  2333 | D:3      | Reached skill level 5 in Air Magic
  2412 | D:3      | Learned a level 3 spell: Swiftness
  2605 | D:4      | Noticed a gnoll sergeant
  2635 | D:3      | Killed from afar by an orc wizard

Illustrated notes

Levels and vault maps discovered:
D:1:      dpeg_arrival_lava_altar, layout_basic, minmay_gold_behind_fungi,
          minmay_misc_feat_secret_circle
D:2:      layout_loops_ring
D:3:      layout_rooms, serial_corexii_hall, corexii_hall_statues_l,
          corexii_hall_statues_x, uniq_terence
D:4:      layout_basic, mainiacjoe_overflow_catch_the_wave,
          minmay_temple_entry_arrows, hangedman_decor_lopped,
          kennysheep_big_empty_room, uniq_menkaure, uniq_pikel

Skill      XL: |  1  2  3  4 |
---------------+-------------+-----
Conjurations   | 2 3 |  3.6
Air Magic      | 5 |  5.2
Spellcasting   | 3 |  3.0
Dodging        | |  2.1
Stealth        | |  2.0

Action                   |  1- 3 |  4- 6 || total
-------------------------+-------+-------++-------
 Cast: Shock             |    82 |    25 ||   107
Dodge: Dodged            |     1 |     4 ||     5
